 Dungeon Crawl Stone Soup version 0.27-a0-1502-g47ed6a6988 (webtiles) character file.

Game seed: 9880062582950699705

33 quino the Shield-Bearer (level 3, -4/23 HPs)
             Began as a Gargoyle Fighter on July 8, 2021.
             Killed by divine providence
             ... invoked by an orc priest
              (14 damage)
             ... on level 2 of the Dungeon.
             The game lasted 00:13:19 (1162 turns).

quino the Shield-Bearer (Gargoyle Fighter)          Turns: 1162, Time: 00:13:19

Health: -4/23      AC: 10    Str: 20    XL:     3   Next: 29%
Magic:  3/3        EV:  7    Int:  8    God:
Gold:   72         SH:  9    Dex:  9    Spells: 2/2 levels left

rFire    . . .     SeeInvis .   k - +0 flail (protect)
rCold    . . .     Faith    .   c - +0 kite shield
rNeg     + . .     Spirit   .   b - +0 scale mail
rPois    ∞         Reflect  .   (no helmet)
rElec    +         Harm     .   (no cloak)
rCorr    .         Rampage  .   (no gloves)
Will     .....                  (no boots)
Stlth    ..........             (no amulet)
HPRegen  0.07/turn              (no ring)
MPRegen  0.08/turn              (no ring)

@: no status effects
A: sickness immunity, AC +3, negative energy resistance 1, electricity
resistance, torment resistance 1, petrification resistance
a: no special abilities


You were on level 2 of the Dungeon.
You visited 1 branch of the dungeon, and saw 2 of its levels.

You collected 72 gold pieces.

Inventory:

Hand Weapons
 a - a +0 flail
 k - a +0 flail of protection (weapon)
Armour
 b - a +0 scale mail (worn)
 c - a +0 kite shield (worn)
Scrolls
 f - a scroll of brand weapon {unknown}
 g - a scroll of acquirement {unknown}
 h - a scroll of teleportation {unknown}
 l - a scroll of magic mapping {unknown}
Potions
 d - a potion of might
 e - a potion of brilliance {unknown}
 i - 2 potions of lignification {unknown}
 j - 2 potions of flight {unknown}


   Skills:
 + Level 3.4 Fighting
 * Level 2.5 Maces & Flails
 + Level 3.7 Armour
 + Level 3.8 Shields


You had 2 spell levels left.
You didn't know any spells.
Your spell library contained the following spells:

 Spells                   Type           Power      Damage    Failure   Level
 Wereblood                Tmut           0%         N/A       100%        2
 Summon Hydra             Summ           0%         N/A       100%        7
 Sublimation of Blood     Necr           Unusable   N/A       N/A         2

Dungeon Overview and Level Annotations

Branches:
Dungeon (2/15)

Altars:

Shops:
D:1 [   D:2 [


Innate Abilities, Weirdness & Mutations

You are immune to sickness and miasma.
Your stone body is resilient. (AC +3)
You are immune to poison.
You resist negative energy. (rN+)
You are resistant to electric shocks. (rElec)
You are resistant to unholy torment.
You are immune to petrification.


Message History

There is an escape hatch in the floor here.
You see here a rat corpse.
Found 14 stones.
You pick up a book of Blood and begin reading...
You add the spells Wereblood and Summon Hydra to your library.
Okay, then.
You aren't wearing any rings or amulets.
There's nothing to close nearby.
Unknown command.
Unknown command.
Unknown command.
You don't know any spells.
You don't know any spells.
Okay, then.
An orc wizard comes into view. It is wielding a +0 dagger.
An orc and an orc priest come into view.
The orc is wielding a +1 flail of venom.
The orc priest shouts!
The orc wizard casts a spell at you.
You are confused.
The orc wizard mumbles some strange words.
The orc wizard flickers and vanishes!
Deactivating autopickup; reactivate with Ctrl-A.
A magic dart appears from out of thin air!
The magic dart hits you.
You're too confused to move!
An orc comes into view. It is wielding a +0 club.
A puff of flame appears from out of thin air!
The puff of flame hits you.
You're too confused to move!
The orc shouts!
A puff of flame appears from out of thin air!
The puff of flame hits you but does no damage.
You feel less confused.
The orc priest mumbles some strange prayers to Beogh against you.
Pain shoots through your body!
The orc priest mumbles some strange prayers to Beogh against you.
Beogh smites you!
Ouch! That really hurt!
You die...

........#.o##....#.###...#.#.
#........##.#.##.........#.
#..(.....8#.#(######....<..
#......oo##.#.#### #....##.
#.........#......# #.......
#.........#...##.###....#.#
#.........##..##..##....#..
#####......#...>..##.......
#....#@#..###..........
#....#.#†.###.####.####
#....#.....##.#....#
#######.#..##.#.####
#########.#.....#.##.#
#...........#...#....#
#...............####.#
#...............#....#
#..........>........##


You could see an orc priest and an orc.

Vanquished Creatures
  A dart slug (D:1)
  7 ball pythons (D:1)
  5 bats
  2 endoplasms (D:1)
  3 giant cockroaches
  A hobgoblin (D:1)
  2 jackals (D:1)
  2 kobolds (D:1)
  2 quokkas (D:1)
  3 rats
28 creatures vanquished.

Notes
Turn   | Place    | Note
-------+----------+-------------------------------------------
     0 | D:1      | quino the Gargoyle Fighter began the quest for the Orb.
     0 | D:1      | Reached XP level 1. HP: 14/14 MP: 1/1
   212 | D:1      | Reached XP level 2. HP: 16/19 MP: 2/2
   551 | D:1      | Found Vinkor's Armour Shoppe.
   558 | D:1      | Reached XP level 3. HP: 23/23 MP: 3/3
  1073 | D:2      | Found Lutoorru's Armour Boutique.
  1162 | D:2      | Killed from afar by an orc priest

Illustrated notes

Levels and vault maps discovered:
D:1:      dpeg_arrival_lava_temple_mockup, layout_rooms, serial_shops,
          nicolae_shop_trees
D:2:      layout_basic, serial_corexii_hall, corexii_hall_statues_i,
          chequers_hall_statues_wall_a, serial_shops, shop

Action                   || total
-------------------------++-------
Melee: Flail             ||    91
Armor: Scale mail        ||    91
Dodge: Dodged            ||    50
Block: Kite shield       ||    67

Table legend: (Time is in decaauts)
 A = Elapsed time spent in this place.
 B = Non-inter-level travel time spent in this place.
 C = Inter-level travel time spent in this place.
 D = Time resting spent in this place.
 E = Time spent auto-exploring this place.
 F = Levels seen in this place.
 G = Mean time per level.
                   A        B        C        D        E       F      G
               +--------+--------+--------+--------+--------+-----+--------+
         Total |   1207 |   1181 |     26 |      0 |    871 |   2 |  603.5 |
       Dungeon |   1207 |   1181 |     26 |      0 |    871 |   2 |  603.5 |
               +--------+--------+--------+--------+--------+-----+--------+

Top non-repeatable levels by time:
     D:1: 1025 daAuts
     D:2: 182 daAuts
